 Dungeon Crawl Stone Soup version 0.22.0-38-g04b72b8 (webtiles) character file.

4701 Lew the Covered (level 10, -1/63 HPs)
             Began as a Gargoyle Fighter on Aug 27, 2018.
             Was a Priest of Okawaru.
             Slain by a troll (8 damage)
             ... on level 9 of the Dungeon.
             The game lasted 00:21:23 (8618 turns).

Lew the Covered (Gargoyle Fighter)                  Turns: 8618, Time: 00:21:24

Health: -1/63      AC: 20    Str: 22    XL:     10   Next: 45%
Magic:  0/11       EV: 12    Int: 11    God:    Okawaru [***...]
Gold:   368        SH: 10    Dex:  8    Spells: 9/9 levels left

rFire    . . .     SeeInvis .   r - +4 short sword (vamp)
rCold    . . .     Gourm    .   c - +0 shield
rNeg     + . .     Faith    .   x - +5 robe "Effi" {+Blink}
rPois    ∞         Spirit   +   p - +1 helmet
rElec    +         Reflect  .   i - scarf {Spirit}
rCorr    .         Harm     .   (no gloves)
MR       +....                  (no boots)
Stlth    +++.......             (no amulet)
HPRegen  0.20/turn              m - ring of protection from magic
MPRegen  0.12/turn              (no ring)

@: no status effects
A: slimy green scales 2, blurry vision 1, clever 1, clumsy 1, negative energy
resistance 1, electricity resistance, unbreathing, petrification resistance, no
potion heal 1, rot immunity, AC +7
a: Heroism, Renounce Religion, Evoke Blink


You were on level 9 of the Dungeon.
You worshipped Okawaru.
Okawaru was most pleased with you.
You were not hungry.

You visited 2 branches of the dungeon, and saw 10 of its levels.
You also visited: Ossuary.

You collected 544 gold pieces.
You spent 176 gold pieces at shops.

Inventory:

Hand Weapons
 a - a +3 war axe
 h - a +0 hand axe of venom
 o - the +5 short sword of Keqom {pain, rC+ Int+4 Dex+4 Stlth-}
   (You bought it in a shop on level 4 of the Dungeon)

   In the hands of one skilled in necromantic magic, it inflicts extra damage on
   living creatures.
   It affects your intelligence (+4).
   It affects your dexterity (+4).
   It protects you from cold.
   It makes you less stealthy.
 r - a +4 vampiric short sword (weapon)
Armour
 c - a +0 shield (worn)
 i - a scarf of spirit shield (worn)
 p - a +1 helmet (worn)
 q - a +1 animal skin
 x - the +5 robe "Effi" (worn) {+Blink}
   (You took it off a crimson imp on level 6 of the Dungeon)

   It lets you blink.
Jewellery
 m - a ring of protection from magic (left hand)
Wands
 u - a wand of disintegration (7)
 w - a wand of enslavement (19)
 z - a wand of clouds (1)
 A - a wand of iceblast (5)
Scrolls
 d - 4 scrolls of fear
 l - a scroll of fog
 n - 3 scrolls of remove curse
 s - 4 scrolls of teleportation
Potions
 b - a potion of resistance {unknown}
 e - 5 potions of heal wounds
 g - 12 potions of curing
 j - a potion of agility
 k - 3 potions of haste
 t - 4 potions of brilliance
 v - a potion of ambrosia {unknown}
Comestibles
 f - 10 rations


   Skills:
 + Level 7.1 Fighting
 + Level 3.7 Short Blades
 * Level 5.9 Axes
 + Level 7.2 Armour
 * Level 4.5 Dodging
 + Level 6.2 Stealth
 + Level 7.1 Shields
 + Level 2.2 Invocations


You had 9 spell levels left.
You didn't know any spells.
Your spell library contained the following spells:

 Spells                   Type           Power        Failure   Level  Hunger
 Infusion                 Chrm           #...         67%         1    ##.....
 Shroud of Golubria       Chrm/Tloc      #.........   82%         2    ###....
 Song of Slaying          Chrm           #.......     82%         2    ###....
 Regeneration             Chrm/Necr      #.........   96%         3    ####...
 Spectral Weapon          Hex/Chrm       #.......     96%         3    ####...


Dungeon Overview and Level Annotations

Branches:
Dungeon (9/15)             Temple (1/1) D:6
   Lair: D:8-11         Orc: D:9-12

Altars:
Ashenzari
Cheibriados
Dithmenos
Elyvilon
Fedhas
Gozag
Hepliaklqana
Kikubaaqudgha
Makhleb
Nemelex Xobeh
Okawaru
Qazlal
Ru
Sif Muna
Trog
Uskayaw
Vehumet
Wu Jian
Xom
Yredelemnul
Zin
The Shining One

Shops:
D:4 (%(   D:7 [   D:8 !


Innate Abilities, Weirdness & Mutations

You are resistant to torment.
Your stone body is resilient. (AC +7)
You are immune to poison.
You resist negative energy. (rN+)
You are resistant to electric shocks. (rElec)
You can survive without breathing.
You are immune to petrification.
You are immune to rotting.
You are mostly covered in slimy green scales. (AC +3)
Scrolls take you a little longer to read.
Your mind is acute. (Int +2)
You are clumsy. (Dex -2)
Potions are less effective at restoring your health.


Message History

The hound bites you but does no damage. x2; The hound closely misses you.
The hound bites you but does no damage. The wolf closely misses you.
The hound bites you but does no damage. You block the troll's attack. x2
The troll misses you.
The hound bites you but does no damage. x2
You miss the hound.
The hound is heavily wounded.
The hound bites you. The wolf closely misses you.
The hound closely misses you. x2
The hound bites you but does no damage. x2; The troll bites you.
The troll claws you!
* * * LOW HITPOINT WARNING * * *
You block the troll's attack.
You hit the hound.
You feel better.
The hound is severely wounded.
The wolf bites you!
* * * LOW HITPOINT WARNING * * *
You block the hound's attack. x3; The hound bites you but does no damage.
The wolf bites you.
* * * LOW HITPOINT WARNING * * *
The troll barely misses you. The troll closely misses you. The troll claws you!
You die...

..≈≈≈≈≈....≈≈≈.
#..≈≈≈≈≈..≈≈≈..
#..≈≈≈≈≈.≈≈≈≈..
#....≈≈≈.≈≈≈≈≈.
#...≈≈≈≈.≈≈≈≈≈...
#..≈≈≈≈≈.≈.≈≈.....
#....≈≈≈.≈.≈≈.....
#$≈≈..;hh..≈....##
......h@hh.......#
...
#......hT........#
....
##....#.##.#.#...#
....
#....#......+...+
....
#....####.###...#
.... #...
#.###...# ....
..... #.......+
.... ....
#####...######.
#.......##.


You could see a troll, a wolf, 5 hounds and an electric eel.

Vanquished Creatures
  Harold (D:8)
  2 hippogriffs (D:8)
  Grum (D:8)
  A hungry ghost (D:6)
  A water moccasin (D:9)
  3 ice beasts
  A sky beast (D:8)
  An orc warrior (D:7)
  4 ogres
  4 wolves (D:8)
  2 big kobolds
  3 bullfrogs
  A gnoll sergeant (D:8)
  5 scorpions
  3 killer bees (D:8)
  3 howler monkeys
  2 crimson imps
  An orc priest (D:4)
  4 hounds
  A gnoll shaman (D:4)
  A jelly (D:7)
  A bullfrog skeleton (D:8)
  An iguana (D:8)
  8 orc wizards
  6 worker ants
  5 big kobold zombies (Ossuary)
  A mummy (Ossuary)
  A howler monkey zombie (D:7)
  Robin (D:4)
  16 gnolls
  12 adders
  An adder skeleton (D:8)
  3 worms
  2 dart slugs
  6 leopard geckos
  23 orcs
  3 spectral bats (Ossuary)
  A ball python (D:2)
  7 bats
  2 giant cockroaches
  7 gnoll zombies (Ossuary)
  15 goblins
  6 hobgoblins
  10 jackals
  13 kobolds
  3 quokkas
  3 bat simulacra (Ossuary)
  2 frilled lizards
  4 goblin simulacra (Ossuary)
  4 goblin zombies
  9 hobgoblin zombies (Ossuary)
  2 jackal skeletons (D:4)
  A kobold simulacrum (Ossuary)
  5 kobold zombies (Ossuary)
  10 rats
  2 rat simulacra (Ossuary)
  3 spectral goblins (Ossuary)
  3 spectral kobolds (Ossuary)
  5 spectral rats (Ossuary)
252 creatures vanquished.

Vanquished Creatures (others)
  A kobold zombie (Ossuary)
1 creature vanquished.

Grand Total: 253 creatures vanquished

Notes
Turn   | Place    | Note
-------+----------+-------------------------------------------
     0 | D:1      | Lew the Gargoyle Fighter began the quest for the Orb.
     0 | D:1      | Reached XP level 1. HP: 14/14 MP: 1/1
   192 | D:1      | Reached XP level 2. HP: 14/19 MP: 2/2
   964 | D:2      | Reached XP level 3. HP: 24/24 MP: 3/3
  1002 | D:2      | Found a basalt altar of Yredelemnul.
  1053 | D:2      | Found a shimmering altar of Xom.
  1196 | D:2      | Reached XP level 4. HP: 29/29 MP: 4/4
  1623 | D:3      | Reached XP level 5. HP: 20/33 MP: 5/5
  1978 | D:3      | Found a burning altar of Makhleb.
  1978 | D:3      | Noticed an Executioner
  1982 | D:3      | Noticed an orange demon
  1982 | D:3      | Noticed a hellwing
  2048 | D:3      | Reached skill level 1 in Dodging
  2048 | D:3      | Reached skill level 1 in Stealth
  2145 | D:3      | Noticed an ogre
  2429 | D:3      | Killed an ogre
  2429 | D:3      | Reached XP level 6. HP: 8/38 MP: 6/6
  3003 | D:4      | Found Mupp's Food Emporium.
  3090 | D:4      | Noticed Robin
  3091 | D:4      | Found Meshreen's Antique Weapon Boutique.
  3101 | D:4      | Killed Robin
  3245 | D:4      | Found Arghalar's Weapon Shoppe.
  3262 | D:4      | Bought a slimy short sword for 176 gold pieces
  3262 | D:4      | Identified the +5 short sword of Keqom {pain, rC+ Int+4 Dex+4 Stlth-} (You bought it in a shop on level 4 of the Dungeon)
  3437 | D:4      | Reached XP level 7. HP: 44/44 MP: 7/7
  4046 | D:5      | Entered Level 5 of the Dungeon
  4322 | D:5      | Reached skill level 1 in Short Blades
  4440 | D:5      | Reached skill level 5 in Shields
  4475 | D:5      | Reached skill level 5 in Armour
  4479 | D:5      | Reached skill level 5 in Fighting
  4479 | D:5      | Reached XP level 8. HP: 42/49 MP: 8/8
  4713 | D:6      | Found a sand-covered staircase.
  4968 | Ossuary  | Entered an ossuary
  5502 | D:6      | Found a staircase to the Ecumenical Temple.
  5785 | Temple   | Entered the Ecumenical Temple
  5970 | Temple   | Became a worshipper of Warmaster Okawaru
  6061 | D:6      | Found a hazy altar of Hepliaklqana.
  6210 | D:6      | Found a sparkling altar of Nemelex Xobeh.
  6211 | D:6      | Found a bloodstained altar of Trog.
  6212 | D:6      | Found a shattered altar of Ashenzari.
  6214 | D:6      | Found an ancient bone altar of Kikubaaqudgha.
  6375 | D:6      | Got a fine robe
  6376 | D:6      | Identified the +5 robe "Effi" {+Blink} (You took it off a crimson imp on level 6 of the Dungeon)
  6417 | D:6      | Reached XP level 9. HP: 52/55 MP: 9/9
  6424 | D:6      | Reached * piety under Okawaru
  6515 | D:7      | Found Veuhiet's Armour Shoppe.
  6679 | D:7      | Reached skill level 5 in Axes
  6814 | D:7      | Gained mutation: You are partially covered in slimy green scales. (AC +2) [potion of mutation]
  6814 | D:7      | Gained mutation: You have large cloven feet. [potion of mutation]
  6814 | D:7      | Gained mutation: Your mind is acute. (Int +2) [potion of mutation]
  6814 | D:7      | Gained mutation: You possess an exceptional clarity of mind. [potion of mutation]
  6840 | D:7      | Lost mutation: You possess an exceptional clarity of mind. [potion of mutation]
  6840 | D:7      | Lost mutation: You have large cloven feet. [potion of mutation]
  6840 | D:7      | Gained mutation: Potions are less effective at restoring your health. [potion of mutation]
  6840 | D:7      | Gained mutation: You are clumsy. (Dex -2) [potion of mutation]
  6840 | D:7      | Gained mutation: Scrolls take you a little longer to read. [potion of mutation]
  6840 | D:7      | Gained mutation: You are mostly covered in slimy green scales. (AC +3) [potion of mutation]
  6879 | D:8      | Reached skill level 5 in Stealth
  6880 | D:8      | Noticed Harold
  6900 | D:8      | Killed Harold
  6900 | D:8      | Reached skill level 1 in Invocations
  7213 | D:8      | Found a radiant altar of Vehumet.
  7233 | D:8      | Reached ** piety under Okawaru
  7233 | D:8      | Reached XP level 10. HP: 49/61 MP: 11/11
  7251 | D:8      | Noticed a hand axe
  7251 | D:8      | Noticed a hand axe
  7254 | D:8      | Found a hide-covered altar of Uskayaw.
  7526 | D:8      | Found a blossoming altar of Fedhas.
  7609 | D:8      | Found Akhlog's Distillery.
  7792 | D:8      | Noticed Grum
  7812 | D:8      | Killed Grum
  7836 | D:8      | Reached *** piety under Okawaru
  8618 | D:9      | Slain by a troll

Skill      XL: |  1  2  3  4  5  6  7  8  9 10 |
---------------+-------------------------------+-----
Axes           | 2 3 4 5 |  5.9
Shields        | 4 5 6 7 |  7.1
Armour         | 4 5 6 7 |  7.2
Dodging        | 1 2 3 4 |  4.5
Stealth        | 1 2 3 4 5 6 |  6.2
Fighting       | 4 5 6 7 |  7.1
Short Blades   | 1 2 3 |  3.7
Invocations    | 1 2 |  2.2

Action                   |  1- 3 |  4- 6 |  7- 9 | 10-12 || total
-------------------------+-------+-------+-------+-------++-------
Melee: War axe           |   125 |   106 |       |       ||   231
       Hand axe          |       |    37 |       |       ||    37
       Short sword       |       |    11 |   536 |   173 ||   720
Evoke: Wand              |       |       |     3 |     1 ||     4
  Use: Scroll            |       |     9 |    14 |     4 ||    27
       Potion            |       |     1 |     3 |     1 ||     5
 Stab: Sleeping          |       |       |       |     5 ||     5
  Eat: Chunk             |     1 |     4 |    10 |     3 ||    18
       Ration            |       |     1 |     2 |     2 ||     5
Armor: Scale mail        |    79 |    77 |   209 |       ||   365
       Robe              |       |       |    42 |   155 ||   197
Dodge: Dodged            |    41 |    55 |   221 |   160 ||   477
Block: Shield            |    77 |    92 |   336 |   183 ||   688
